 Dungeon Crawl Stone Soup version 0.31-a0-259-g771a54ca4b (webtiles) character file.

Game seed: 9213337218081603320

2670 qw the Skirmisher (level 9, -8/57 HPs)
             Began as a Gargoyle Hexslinger on July 13, 2023.
             Was an Initiate of Okawaru.
             Mangled by a steam dragon (9 damage)
             ... on level 7 of the Dungeon.
             The game lasted 00:02:36 (6457 turns).

qw the Skirmisher (Gargoyle Hexslinger)             Turns: 6457, Time: 00:02:36

Health: -8/57      AC: 18    Str:  9    XL:     9   Next: 63%
Magic:  8/10       EV: 14    Int: 13    God:    Okawaru [......]
Gold:   343        SH:  0    Dex: 20    Spells: 9/10 levels left

rFire   . . .        Y - +1 orcbow
rCold   . . .        (shield currently unavailable)
rNeg    + . .        c - +2 ring mail of Dithmenos's Respect {Rampage}
rPois   inf          (no helmet)
rElec   +            (no cloak)
rCorr   .            q - +0 pair of gloves
SInv    .            b - +0 pair of boots of the Lost Hells {Str-4 Dex+4 Slay+4}
Will    .....        h - amulet of the acrobat
Stlth   +++          (no ring)
HPRegen 0.29/turn    (no ring)
MPRegen 0.12/turn

%: acrobat, rampage
@: about to teleport, heroic
A: sickness immunity, AC +6, negative energy resistance 1, electricity
resistance, torment resistance 1, petrification resistance, shaggy fur 1,
MP-powered wands
a: Renounce Religion


You were on level 7 of the Dungeon.
You worshipped Okawaru.
Okawaru was noncommittal.
You visited 2 branches of the dungeon, and saw 8 of its levels.

You collected 453 gold pieces.
You spent 110 gold pieces at shops.


Innate Abilities, Weirdness & Mutations

You are immune to sickness and miasma.
Your stone body is resilient. (AC +6)
You are immune to poison.
You resist negative energy. (rN+)
You are resistant to electric shocks. (rElec)
You are resistant to unholy torment.
You are immune to petrification.
You are covered in fur. (AC +1)
You expend magic power (3 MP) to strengthen your wands.


   Skills:
 - Level 7.0(12.0) Fighting
 + Level 10.6(15.6) Ranged Weapons
 - Level 3.0(8.0) Armour
 - Level 2.5(7.5) Dodging
 - Level 1.0 Spellcasting
 - Level 2.6 Hexes


You had 9 spell levels left.
You knew the following spells:

 Your Spells              Type           Power      Damage    Failure   Level
a - Slow                  Hex            28%        N/A       22%         1

Your spell library contained the following spells:

 Spells                   Type           Power      Damage    Failure   Level
 Inner Flame              Hex/Fire       4%         N/A       75%         3
 Portal Projectile        Hex/Tloc       8%         N/A       75%         3
 Cause Fear               Hex            3%         N/A       91%         4

Inventory:

Hand Weapons
 Y - a +1 orcbow (weapon)
Armour
 b - the +0 pair of boots of the Lost Hells (worn) {Str-4 Dex+4 Slay+4}
   (You acquired it on level 3 of the Dungeon)

   Str:       It affects your strength (-4).
   Dex:       It affects your dexterity (+4).
   Slay:      It affects your accuracy & damage with ranged weapons and melee
   (+4).
 c - the +2 ring mail of Dithmenos's Respect (worn) {Rampage}
   (You found it on level 2 of the Dungeon)

   Rampage:   It bestows one free step when moving towards enemies.
 q - a +0 pair of gloves (worn)
Jewellery
 h - an amulet of the acrobat (around neck)
Scrolls
 i - a scroll of torment {unknown}
 k - a scroll of identify
Potions
 a - a potion of mutation
 d - a potion of enlightenment
 e - a potion of might
 f - a potion of heal wounds
 j - a potion of haste {unknown}
 l - 8 potions of curing
 m - a potion of degeneration {unknown}
 n - a potion of resistance
 o - a potion of cancellation {unknown}

Dungeon Overview and Level Annotations

Branches:
Dungeon (7/15)             Temple (1/1) D:7

Altars:
Ashenzari
Elyvilon
Fedhas
Hepliaklqana
Kikubaaqudgha
Nemelex Xobeh
Okawaru
Qazlal
Ru
Sif Muna
Trog
Uskayaw
Vehumet
Wu Jian
Xom
Yredelemnul
Zin
The Shining One

Shops:
D:2 [   D:3 !   D:7 :

Annotations:
D:7 1 runed translucent door


Message History

You shoot an arrow.
The arrow barely misses the two-headed ogre.
The arrow hits the black bear!
The black bear is heavily wounded.
A bullfrog comes into view.
You shoot an arrow. The bullfrog gives a loud, deep croak!
The arrow hits the two-headed ogre!
The two-headed ogre is lightly wounded.
The two-headed ogre hits you with a +0 giant club.
The two-headed ogre hits you with a +0 giant club!
The deep elf pyromancer casts a spell.
The deep elf pyromancer blinks!
You shoot an arrow. The arrow hits the two-headed ogre.
The two-headed ogre is moderately wounded.
The two-headed ogre barely misses you.
The two-headed ogre hits you with a +0 giant club!!
You shoot an arrow. The arrow hits the black bear!
The black bear is almost dead.
The black bear closely misses you. x2
The black bear claws you but does no damage.
You shoot an arrow. The arrow barely misses the black bear.
The black bear bites you but does no damage.
The black bear claws you but does no damage.
The black bear completely misses you. The steam dragon bites you.
The steam dragon claws you. The two-headed ogre barely misses you.
The two-headed ogre hits you but does no damage.
You shoot an arrow. The arrow hits the black bear!
You kill the black bear!
Okawaru accepts your kill. The steam dragon breathes steam at you.
The ball of steam hits you!
The deep elf pyromancer gestures wildly while chanting.
The deep elf pyromancer blinks!
6457 ||| READING scroll of teleportation.
As you read the scroll of teleportation, it crumbles to dust.
You feel strangely unstable.
You are engulfed in a cloud of scalding steam.
The two-headed ogre closely misses you. x2; The steam dragon bites you!
You die...

##...#..##.../[! ##.........
#..<).#.##..e.¤.. ##..........
###.....#..# .e... ##...........
.....##.#.####.... ##......#.##..
....##.)#....# ... #...##..#.#...
#......).....# #F# #.......#.....
#..#..####..####g####.####...#.##
...#####....#..WOD..#..##...#####
..## #....#.¤¤@.}.#.........##.
..## ##..###.¤¤.}..###..........
...####.>## +.¤¤¤...'.##.........
...##.#..# #..}....#..#....#....
.###..#..# #.}...}.#..#..###...[
## #.....# #.......#..#....##...
#..##.## #########'##.....#.##
#......# ##8##...#..#......#
##.....# +...)..##.####.....


You could see a two-headed ogre, a deep elf pyromancer, a wraith, a steam dragon
(catching breath), a bullfrog and a gnoll.

Vanquished Creatures
  A vampire (D:7)
  A wyvern (D:7)
  A water moccasin (D:4)
  A black bear (D:7)
  2 ice beasts
  2 sky beasts (D:7)
  An orc warrior (D:6)
  3 ogres
  2 centaurs
  A phantom (D:4)
  A gnoll sergeant (D:7)
  3 bullfrogs
  A scorpion (D:6)
  4 wights (D:7)
  A howler monkey (D:7)
  3 jellies
  3 hounds
  3 orc priests
  2 iguanas
  Ijyb (D:3)
  3 orc wizards
  7 gnolls
  5 adders
  A shadow imp (D:5)
  A white imp (D:6)
  7 ufetubi
  4 dart slugs
  23 orcs
  6 ball pythons
  8 endoplasms
  5 giant cockroaches
  11 goblins
  4 hobgoblins
  3 jackals (D:4)
  3 kobolds
  5 quokkas
  5 bats
  4 frilled lizards
  6 rats
148 creatures vanquished.

Notes
Turn   | Place    | Note
-------+----------+-------------------------------------------
     0 | D:1      | qw the Gargoyle Hexslinger began the quest for the Orb.
     0 | D:1      | Reached XP level 1. HP: 12/12 MP: 2/2
     0 | D:1      | 0 ||| qw: Version: 0.3-a-52-g30416fa
     0 | D:1      | 0 ||| qw: Game counter: 6840
     0 | D:1      | 0 ||| qw: Melee chars always use a shield: true
     0 | D:1      | 0 ||| qw: God list: Okawaru
     0 | D:1      | 0 ||| qw: Allow faded altars: false
     0 | D:1      | 0 ||| qw: Do Orc after clearing Dungeon:15 true
     0 | D:1      | 0 ||| qw: Do second Lair branch before Depths: true
     0 | D:1      | 0 ||| qw: Lair rune preference: random
     0 | D:1      | 0 ||| qw: Goals: Normal
     0 | D:1      | 0 ||| PLANNING D:1-11
   144 | D:1      | Reached XP level 2. HP: 6/16 MP: 3/3
   204 | D:1      | Reached skill level 3 in Ranged Weapons
   263 | D:1      | HP: 3/16 [frozen (5)]
   264 | D:1      | HP: 1/16 [quokka (2)]
   403 | D:1      | Reached XP level 3. HP: 19/21 MP: 4/4
   712 | D:1      | 712 ||| UPGRADING to +0 ring mail.
   722 | D:1      | 722 ||| DROPPING +0 robe.
   723 | D:1      | 723 ||| UPGRADING to +2 pair of boots.
   728 | D:1      | 728 ||| UPGRADING to amulet of the acrobat.
   733 | D:1      | 733 ||| DROPPING ring of flight.
   734 | D:1      | 734 ||| READING scroll labelled FEICUO OXKEHEX.
   735 | D:1      | 735 ||| READING scroll labelled OCEOGI PUVEXU.
   736 | D:1      | 736 ||| READING 2 scrolls labelled QEKABA JEH ELE.
   737 | D:1      | 737 ||| DRINKING 2 glowing puce potions.
   738 | D:1      | 738 ||| DROPPING scroll of poison.
   767 | D:2      | Reached skill level 1 in Armour
  1185 | D:2      | Identified the +2 ring mail of Dithmenos's Respect
                  | {Rampage}
  1388 | D:2      | Found Yloesul's Antique Armour Boutique.
  1396 | D:2      | 1396 ||| SHOPLISTING thick robe (119 gold, have 116).
  1566 | D:2      | 1566 ||| UPGRADING to +2 ring mail of Dithmenos's Respect
                  | {Rampage}.
  1576 | D:2      | 1576 ||| DROPPING +0 ring mail.
  1577 | D:2      | 1577 ||| READING scroll labelled JEGIAT BEWEL.
  1578 | D:2      | 1578 ||| READING scroll labelled JOIBLU GOSHENO.
  1579 | D:2      | 1579 ||| DRINKING 2 coppery potions.
  1614 | D:2      | 1614 ||| DRINKING 2 bubbling clear potions.
  1615 | D:2      | 1615 ||| DROPPING potion of lignification.
  1646 | D:3      | Reached XP level 4. HP: 26/26 MP: 5/5
  1647 | D:3      | Noticed Ijyb
  1664 | D:3      | HP: 5/26 [Ijyb/+3 dagger of venom (4)]
  1665 | D:3      | 1665 ||| DRINKING potion of heal wounds.
  1678 | D:3      | Killed Ijyb
  1679 | D:3      | Reached skill level 4 in Ranged Weapons
  1771 | D:3      | HP: 2/26 [gnoll/+0 spear (6)]
  1877 | D:3      | Reached XP level 5. HP: 30/30 MP: 6/6
  1907 | D:3      | Found Logyej's Distillery.
  1915 | D:3      | 1915 ||| BUYING 2 potions of curing (60 gold).
  1915 | D:3      | Bought 2 potions of curing for 60 gold pieces
  1915 | D:3      | 1915 ||| BUYING potion of enlightenment (50 gold).
  1915 | D:3      | Bought a potion of enlightenment for 50 gold pieces
  1915 | D:3      | 1915 ||| SHOPLISTING potion of haste (100 gold, have 37).
  1915 | D:3      | 1915 ||| SHOPLISTING potion of heal wounds (50 gold, have
                  | 37).
  1915 | D:3      | 1915 ||| SHOPLISTING potion of might (40 gold, have 37).
  2004 | D:3      | Reached skill level 5 in Ranged Weapons
  2586 | D:3      | 2586 ||| DROPPING ring of magical power.
  2587 | D:3      | 2587 ||| READING scroll labelled ZUIWKIORCHU.
  2590 | D:3      | 2590 ||| READING scroll labelled OVOEWO QISAC.
  2590 | D:3      | Identified a scroll of acquirement
  2590 | D:3      | 2590 ||| ACQUIRING +0 pair of boots of the Lost Hells
                  | {Str-4 Dex+4 Slay+4}
  2590 | D:3      | Acquired the +0 pair of boots of the Lost Hells {Str-4
                  | Dex+4 Slay+4}
  2592 | D:3      | 2592 ||| UPGRADING to +0 pair of boots of the Lost Hells
                  | {Str-4 Dex+4 Slay+4}.
  2602 | D:3      | 2602 ||| DROPPING +2 pair of boots.
  2603 | D:3      | 2603 ||| READING scroll labelled QITIWO KIJUPNUOFE.
  2604 | D:3      | 2604 ||| READING scroll labelled CIMODGHY DATEOGI.
  2705 | D:3      | 2705 ||| DRINKING 2 fizzy white potions.
  2705 | D:3      | Gained mutation: You are covered in fur. (AC +1) [potion of
                  | mutation]
  2705 | D:3      | Gained mutation: You expend magic power (3 MP) to
                  | strengthen your wands. [potion of mutation]
  2732 | D:4      | Noticed a water moccasin
  2742 | D:4      | Killed a water moccasin
  2743 | D:4      | Reached XP level 6. HP: 33/39 MP: 7/7
  2771 | D:4      | Found a glowing silver altar of Zin.
  2982 | D:4      | Identified the +6 spear "Baoferri" {antimagic, rF+}
  3090 | D:4      | Reached skill level 6 in Ranged Weapons
  3090 | D:4      | Reached XP level 7. HP: 20/44 MP: 8/8
  3386 | D:4      | 3386 ||| READING scroll labelled YPPIASA AHOGH.
  3445 | D:4      | 3445 ||| STAIRDANCE
  3449 | D:4      | 3449 ||| STAIRDANCE
  3453 | D:4      | 3453 ||| STAIRDANCE
  3457 | D:4      | 3457 ||| STAIRDANCE
  3461 | D:4      | 3461 ||| STAIRDANCE
  3465 | D:4      | 3465 ||| STAIRDANCE
  3469 | D:4      | 3469 ||| STAIRDANCE
  3473 | D:4      | 3473 ||| STAIRDANCE
  3477 | D:4      | 3477 ||| STAIRDANCE
  3481 | D:4      | 3481 ||| STAIRDANCE
  3485 | D:4      | 3485 ||| STAIRDANCE
  3489 | D:4      | 3489 ||| STAIRDANCE
  3493 | D:4      | 3493 ||| STAIRDANCE
  3497 | D:4      | 3497 ||| STAIRDANCE
  3501 | D:4      | 3501 ||| STAIRDANCE
  3505 | D:4      | 3505 ||| STAIRDANCE
  3509 | D:4      | 3509 ||| STAIRDANCE
  3513 | D:4      | 3513 ||| STAIRDANCE
  3517 | D:4      | 3517 ||| STAIRDANCE
  3521 | D:4      | 3521 ||| STAIRDANCE
  3845 | D:5      | Entered Level 5 of the Dungeon
  3933 | D:5      | Reached skill level 7 in Ranged Weapons
  4256 | D:5      | 4256 ||| SWAPPING to +0 orcbow.
  4257 | D:5      | 4257 ||| DROPPING +1 sling.
  4562 | D:5      | 4562 ||| UPGRADING to +0 pair of gloves.
  4567 | D:5      | 4567 ||| DROPPING amulet of magic regeneration.
  4568 | D:5      | 4568 ||| READING scroll labelled TIOSAES OMEVAXIUHY.
  4569 | D:5      | 4569 ||| READING 3 scrolls of identify.
  4569 | D:5      | 4569 ||| IDENTIFYING metallic orange potion
  4570 | D:5      | 4570 ||| READING 2 scrolls of identify.
  4570 | D:5      | 4570 ||| IDENTIFYING golden potion
  4571 | D:5      | 4571 ||| DROPPING potion of magic.
  4615 | D:6      | Reached XP level 8. HP: 48/48 MP: 9/9
  4736 | D:6      | Reached skill level 8 in Ranged Weapons
  4860 | D:6      | Found a glowing golden altar of the Shining One.
  5539 | D:7      | 5539 ||| STAIRDANCE
  5629 | D:7      | Reached skill level 9 in Ranged Weapons
  5666 | D:7      | Noticed a wyvern
  5668 | D:7      | Noticed a vampire
  5671 | D:7      | Killed a wyvern
  5672 | D:7      | Reached skill level 6 in Fighting
  5672 | D:7      | Reached XP level 9. HP: 55/55 MP: 10/10
  5772 | D:7      | Found a staircase to the Ecumenical Temple.
  5774 | D:7      | 5774 ||| PLANNING TEMPLE
  5781 | Temple   | Entered the Ecumenical Temple
  5787 | Temple   | 5787 ||| PLANNING OKAWARU WORSHIP
  5932 | Temple   | Became a worshipper of Warmaster Okawaru
  5933 | Temple   | 5933 ||| PLANNING D:1-11
  5958 | D:7      | Found Nijopau's Self-Improvement Boutique.
  5982 | D:7      | Found a runed translucent door.
  6053 | D:7      | Reached skill level 10 in Ranged Weapons
  6060 | D:7      | Reached skill level 3 in Armour
  6433 | D:7      | Reached * piety under Okawaru
  6444 | D:7      | Noticed a two-headed ogre
  6444 | D:7      | Noticed a deep elf pyromancer
  6445 | D:7      | 6445 ||| Stepping ~*~*~tactically~*~*~ (outnumbered).
  6447 | D:7      | 6447 ||| Stepping ~*~*~tactically~*~*~ (outnumbered).
  6449 | D:7      | 6449 ||| Stepping ~*~*~tactically~*~*~ (outnumbered).
  6450 | D:7      | 6450 ||| INVOKING Heroism.
  6456 | D:7      | HP: 4/57 [steam dragon/ball of steam (15)]
  6457 | D:7      | 6457 ||| READING scroll of teleportation.
  6457 | D:7      | HP: 1/57 [steam dragon] (3)]
  6457 | D:7      | Mangled by a steam dragon

Levels and vault maps discovered:
D:1:      lemuel_arrival_hallway, layout_basic, chequers_serial_rivers_room_a,
          dk_noncrumbling_2
D:2:      layout_loops_corners, serial_shops, nicolae_shop_peninsula
D:3:      mumra_celtic_spiral_tile, layout_rooms, serial_shops, shop,
          chequers_serial_rivers_marsh, kennysheep_orc_chapel, uniq_ijyb
D:4:      layout_basic, mainiacjoe_overflow_brackets, amethyst_killhole
D:5:      layout_loops_ring
D:6:      layout_loops_ring, mainiacjoe_overflow_paths
D:7:      minmay_chambers_of_sevens, layout_cave_pools,
          minmay_temple_entry_tees, ebering_ghost_reflecting_pool,
          nicolae_shop_self_help
Temple:   nicolae_temple_elliptical

Skill      XL: |  1  2  3  4  5  6  7  8  9 |
---------------+----------------------------+-----
Ranged Weapons | 3 4 5 6 7 9 10 | 10.6
Fighting       | 2 4 6 7 |  7.0
Armour         | 1 2 3 |  3.0
Dodging        | 2 |  2.5
Spellcasting   | |  1.0
Hexes          | |  2.6

Action                     |  1- 3 |  4- 6 |  7- 9 || total
---------------------------+-------+-------+-------++-------
   Fire: Sling             |   149 |   169 |    66 ||   384
         Orcbow            |       |       |   197 ||   197
 Invoke: Heroism           |       |       |     1 ||     1
    Use: Scroll            |     5 |     4 |     5 ||    14
         Potion            |     3 |     2 |       ||     5
 Armour: Robe              |    28 |       |       ||    28
         Ring mail         |    31 |    71 |    95 ||   197
  Dodge: Dodged            |    71 |    69 |   120 ||   260

Table legend:
 A = Non-vault XP
 B = Vault XP
 C = Vault XP percentage of total XP
 D = Non-vault monster count
 E = Vault monster count
 F = Vault count percentage of total count
                 A         B        C        D         E       F
            +---------+---------+-------+---------+---------+-------
      Total |    3239 |     576 |  15.1 |     136 |      12 |   8.1
            +---------+---------+-------+---------+---------+-------
        D:1 |      44 |       0 |   0.0 |      27 |       0 |   0.0
        D:2 |      34 |       0 |   0.0 |      13 |       0 |   0.0
        D:3 |     123 |      88 |  41.7 |      16 |       5 |  23.8
        D:4 |     556 |       3 |   0.5 |      23 |       1 |   4.2
        D:5 |     337 |       0 |   0.0 |       9 |       0 |   0.0
        D:6 |     783 |       0 |   0.0 |      23 |       0 |   0.0
        D:7 |    1362 |     485 |  26.3 |      25 |       6 |  19.4
            +---------+---------+-------+---------+---------+-------
